 Dungeon Crawl Stone Soup version 0.30.0-5-g1a98f26d00 (webtiles) character file.

Game seed: 16622116143401054026

345 Jackthecabe the Firebug (level 6, -9/32 HPs)
             Began as a Deep Elf Fire Elementalist on May 11, 2023.
             Killed by an exploding adder (35 damage)
             ... ignited by their inner flame
             ... on level 4 of the Dungeon.
             The game lasted 00:08:22 (4272 turns).

Jackthecabe the Firebug (DEFE)                      Turns: 4272, Time: 00:08:23

Health: -9/32      AC:  2    Str:  5    XL:     6   Next: 32%
Magic:  2/12       EV: 12    Int: 22    God:
Gold:   100        SH:  0    Dex: 15    Spells: 5/11 levels left

rFire   . . .        i - +0 rapier
rCold   . . .        (no shield)
rNeg    . . .        a - +0 robe
rPois   .            (no helmet)
rElec   .            (no cloak)
rCorr   +            (no gloves)
SInv    .            (no boots)
Will    .....        (no amulet)
Stlth   ++           R - ring of resist corrosion
HPRegen 0.25/turn    Z - ring of wizardry
MPRegen 0.13/turn

%: wizardry (x1)
@: lethally poisoned (-9 -> -10)
A: no striking features
a: no special abilities


You were on level 4 of the Dungeon.
You visited 1 branch of the dungeon, and saw 4 of its levels.

You collected 139 gold pieces.
You spent 39 gold pieces at shops.


   Skills:
 - Level 2.4 Dodging
 - Level 2.4 Stealth
 - Level 3.0 Spellcasting
 + Level 5.1 Conjurations
 - Level 6.0 Fire Magic


You had 5 spell levels left.
You knew the following spells:

 Your Spells              Type           Power      Damage    Failure   Level
f - Foxfire               Conj/Fire      100%       2x1d9     1%          1
r - Inner Flame           Hex/Fire       16%        N/A       4%          3
X - Scorch                Fire           58%        2d7       1%          2

Your spell library contained the following spells:

 Spells                   Type           Power      Damage    Failure   Level
 Volatile Blastmotes      Fire/Tloc      32%        2d12      4%          3
 Flame Wave               Conj/Fire      27%        2d9       5%          4
 Frozen Ramparts          Ice            6%         1d1       16%         3
 Ice Form                 Ice/Tmut       3%         N/A       43%         4
 Summon Ice Beast         Ice/Summ       3%         N/A       43%         4

Inventory:

Hand Weapons
 i - a +0 rapier (weapon)
 q - a +3 dagger
Armour
 a - a +0 robe (worn)
Jewellery
 o - an amulet of guardian spirit
 N - a ring of positive energy
 R - a ring of resist corrosion (left hand)
 Z - a ring of wizardry (right hand)
Scrolls
 e - 2 scrolls of teleportation {unknown}
 g - 2 scrolls of identify {unknown}
 k - a scroll of magic mapping {unknown}
 r - a scroll of enchant weapon {unknown}
 s - a scroll of silence {unknown}
Potions
 b - a potion of magic
 c - 6 potions of curing {@q1}
 d - a potion of ambrosia {unknown}
 f - a potion of haste {unknown}
 h - a potion of attraction {unknown}
 j - 2 potions of invisibility {unknown}
 l - a potion of brilliance {unknown}
 m - a potion of berserk rage {unknown}
 n - a potion of degeneration {unknown}
 p - 2 potions of lignification {unknown}

Dungeon Overview and Level Annotations

Branches:
Dungeon (4/15)
 Temple: D:4-7

Altars:
Ashenzari
Trog

Shops:
D:3 ?(!([

Portals:
Abyss: D:4

Annotations:
D:3 Sigmund
D:4 2 transporters, Valagong's ghost, novice MiFi

#▓▓▓▓.▓▓▓..▓< ..^
▓.▓▓..... ...
▓>▓▓.▓▓▓▓ ....
▓.▓▓ ▓ ..^s
#.▓▓▓▓▓.▓▓.▓ #.b#
▓........▓.▓ #^bb#
▓▓▓▓▓▓▓....▓▓▓▓
#†b#### ▓▓........
#○@v.##
▓▓..†...▓▓▓
####..#▓▓........▓
##.#▓..........▓
▓..▓..........▓
▓▓......).....▓
▓▓▓..........▓
▓..........▓
▓▓........▓▓
▓........▓


You could see a scorpion and 4 bats.


Message History

Confirm with . or Enter, or press ? or * to list all spells.
You don't know that spell.
Casting: Scorch (safe; 1% risk of failure)
Confirm with . or Enter, or press ? or * to list all spells.
Aiming: Inner Flame (dangerous; 4% risk of failure)
Press: ? - help, Dir - move target, f - adder
Aim: an adder (chance to affect: 78%)
The adder is filled with an inner flame.
The bat is caught in a web!
The bat pulls away from the web. x2
The bat evades a web. x2
Unknown command.
Casting: Inner Flame (dangerous; 4% risk of failure)
Confirm with . or Enter, or press ? or * to list all spells.
Flames lash the adder.
You kill the adder!
The bat evades a web.
The bat misses you.
The bat evades a web.
You conjure some foxfire!
The bat hits you. The adder barely misses you.
The bat hits you but does no damage. The adder bites you.
You are poisoned.
The adder poisons you!
You hit the adder.
Flame seeps out of the adder.
The adder is moderately wounded.
You feel sick. The bat hits you.
The adder is engulfed in blazing flames.
The adder explodes!
The fiery explosion engulfs the bat!!!
You kill the bat!
The fiery explosion engulfs you!!
Ouch! That really hurt!
You die...

Skill      XL: |  1  2  3  4  5  6 |
---------------+-------------------+-----
Conjurations   | 2 3 4 5 |  5.1
Fire Magic     | 4 5 6 |  6.0
Dodging        | |  2.4
Stealth        | |  2.4
Spellcasting   | |  3.0

Action                     |  1- 3 |  4- 6 || total
---------------------------+-------+-------++-------
  Melee: Rapier            |       |     6 ||     6
   Cast: Foxfire           |    53 |    52 ||   105
         Scorch            |    18 |    21 ||    39
         Inner Flame       |       |     5 ||     5
 Armour: Robe              |     2 |     2 ||     4
  Dodge: Dodged            |     9 |     5 ||    14

Levels and vault maps discovered:
D:1:      scummos_arrival_gate, layout_loops_ring, serial_bayou_pond_d,
          chequers_serial_rivers_large_b
D:2:      layout_loops_corners, shapermc_ecumenical_altar_mp_ritualfount
D:3:      layout_rooms, ashenzari_conservatory_becter,
          trog_three_pillars_becter, serial_shops, nicolae_shop_crystal,
          nicolae_shop_real_fake_doors, shop, shop, shop, wad_floor_pattern_1,
          uniq_sigmund, uniq_natasha
D:4:      old_forge, layout_rooms, grunt_gozag_breadcrumbs,
          gammafunk_ghost_abyssal_escape

Notes
Turn   | Place    | Note
-------+----------+-------------------------------------------
     0 | D:1      | Jackthecabe the Deep Elf Fire Elementalist began the quest
                  | for the Orb.
     0 | D:1      | Reached XP level 1. HP: 10/10 MP: 6/6
   181 | D:1      | Reached XP level 2. HP: 15/15 MP: 6/8
   222 | D:1      | Learned a level 2 spell: Scorch
   374 | D:1      | Reached skill level 2 in Conjurations
   587 | D:1      | Reached skill level 4 in Fire Magic
   784 | D:1      | Reached XP level 3. HP: 19/19 MP: 6/9
  1287 | D:2      | Learned a level 3 spell: Inner Flame
  1630 | D:2      | Found a faded altar of an unknown god.
  1902 | D:2      | Reached skill level 3 in Conjurations
  2094 | D:2      | Reached XP level 4. HP: 24/24 MP: 6/10
  2519 | D:3      | Found Qafonaur's Weapon Boutique.
  2565 | D:3      | Found Zuigatam's Weapon Shop.
  2569 | D:3      | Found Bodateto's Distillery.
  2580 | D:3      | Bought a potion of curing for 39 gold pieces
  2590 | D:3      | Found Loashrece's Armour Shop.
  2603 | D:3      | Found a broken altar of Ashenzari.
  2694 | D:3      | Noticed Sigmund
  2747 | D:3      | Found a bloodstained altar of Trog.
  2897 | D:3      | Noticed Natasha
  2900 | D:3      | Killed Natasha
  2977 | D:3      | Found Urusu's Magic Scroll Emporium.
  3026 | D:3      | Noticed Natasha
  3085 | D:3      | Killed Natasha
  3086 | D:3      | Reached skill level 5 in Fire Magic
  3086 | D:3      | Reached XP level 5. HP: 28/28 MP: 6/11
  3124 | D:3      | Noticed Natasha
  3130 | D:3      | Killed Natasha
  3131 | D:3      | Reached skill level 4 in Conjurations
  3974 | D:4      | Reached XP level 6. HP: 32/32 MP: 2/12
  4060 | D:4      | Found a transporter.
  4070 | D:4      | Found a transporter.
  4097 | D:4      | Found a one-way gate to the infinite horrors of the Abyss.
  4097 | D:4      | Noticed Valagong's ghost (novice MiFi)
  4168 | D:4      | Reached skill level 5 in Conjurations
  4171 | D:4      | Reached skill level 6 in Fire Magic
  4272 | D:4      | Killed by an exploding adder... ignited by their inner
                  | flame

Vanquished Creatures
  A scorpion (D:4)
  An orc priest (D:4)
  Natasha (thrice) (D:3)
  2 orc wizards
  4 adders
  An ufetubus (D:4)
  3 worms
  3 dart slugs (D:2)
  7 orcs
  8 ball pythons
  10 endoplasms
  3 hobgoblins
  4 jackals (D:3)
  3 kobolds
  3 quokkas
  16 bats
  5 frilled lizards
  8 goblins
  A rat (D:1)
86 creatures vanquished.

Vanquished Creatures (collateral kills)
  5 foxfires
5 creatures vanquished.

Vanquished Creatures (others)
  165 foxfires
165 creatures vanquished.

Grand Total: 256 creatures vanquished

Table legend: (Time is in decaauts)
 A = Elapsed time spent in this place.
 B = Non-inter-level travel time spent in this place.
 C = Inter-level travel time spent in this place.
 D = Time resting spent in this place.
 E = Time spent auto-exploring this place.
 F = Levels seen in this place.
 G = Mean time per level.
                   A        B        C        D        E       F      G
               +--------+--------+--------+--------+--------+-----+--------+
         Total |   4303 |   4203 |    100 |    401 |   3320 |   4 | 1075.8 |
       Dungeon |   4303 |   4203 |    100 |    401 |   3320 |   4 | 1075.8 |
               +--------+--------+--------+--------+--------+-----+--------+

Top non-repeatable levels by time:
     D:3: 1372 daAuts
     D:1: 1293 daAuts
     D:2: 1255 daAuts
     D:4: 380 daAuts

Table legend:
 A = Non-vault XP
 B = Vault XP
 C = Vault XP percentage of total XP
 D = Non-vault monster count
 E = Vault monster count
 F = Vault count percentage of total count
                 A         B        C        D         E       F
            +---------+---------+-------+---------+---------+-------
      Total |     363 |     146 |  28.7 |      79 |       7 |   8.1
            +---------+---------+-------+---------+---------+-------
        D:1 |      46 |       0 |   0.0 |      27 |       0 |   0.0
        D:2 |      69 |       0 |   0.0 |      21 |       0 |   0.0
        D:3 |     145 |      36 |  19.9 |      20 |       1 |   4.8
        D:4 |     103 |     110 |  51.6 |      11 |       6 |  35.3
            +---------+---------+-------+---------+---------+-------
